 Dungeon Crawl Stone Soup version 0.31-a0-851-g7ff8af7976 (webtiles) character file.

Game seed: 3473975221409965288

26032 croobank the Covert (level 13, -12/95 HPs)
             Began as an Octopode Delver on Oct 6, 2023.
             Was a Believer of Ashenzari.
             Mangled by a catoblepas (19 damage)
             ... on level 1 of the Lair of Beasts.
             The game lasted 01:41:17 (17239 turns).

croobank the Covert (Octopode Delver)              Turns: 17239, Time: 01:41:18

Health: -12/95     AC:  5    Str: 12    XL:     13   Next: 23%
Magic:  20/25      EV: 46    Int: 22    God:    Ashenzari [**....]
Gold:   242        SH:  0    Dex: 20    Spells: 9/29 levels left

rFire   . . .        a - +4 dagger (elec)
rCold   . . .        (no shield)
rNeg    . . .        (helmet currently unavailable)
rPois   .            E - amulet of the acrobat
rElec   .            h - ring of Ashenzari's Boredom {Will+, Melee, Bglg} (curse)
rCorr   .            r - ring of willpower
SInv    +            q - ring of the All-seeing Regret {Wiz, Cun, Alch} (curse)
Will    ++...        K - +6 ring of intelligence
Stlth   +++++++      u - ring of the Stellar Servitude {EV+5, Elem, Range} (curse)
HPRegen 0.35/turn    G - ring of Ashenzari's Adversity {EV+5, Elem, Alch} (curse)
MPRegen 0.19/turn    H - ring of Ouranomancy {Dex+6, Self, Comp} (curse)
                     I - +4 ring of protection

%: acrobat, wizardry (x1)
@: confusing by touch, beast-form, acrobatic
A: beast (slay +4), almost no armour, amphibious, 8 rings, camouflage 1,
gelatinous body 1, (nimble swimmer 1), tentacles
a: Begin Untransformation, Renounce Religion, Curse Item, Shatter the Chains


You were on level 1 of the Lair of Beasts.
You worshipped Ashenzari.
Ashenzari was pleased with you.
You were a hulking beast.
You visited 3 branches of the dungeon, and saw 16 of its levels.

You collected 975 gold pieces.
You spent 733 gold pieces at shops.

Inventory:

Hand Weapons
 a - a +4 dagger of electrocution (weapon)
 b - a +2 orcbow of electrocution
 s - a +3 long sword of holy wrath
 A - a +0 war axe
 C - a +0 dagger of flaming
 D - a +3 dagger
 N - a +3 shortbow
 S - a +0 scimitar
 X - a +1 hand axe of flaming
Missiles
 l - 2 throwing nets
 p - 76 poisoned darts (quivered)
 L - 4 curare-tipped darts
Magical Staves
 t - a staff of cold
 R - a staff of poison
Jewellery
 c - a ring of resist corrosion
 h - the cursed ring of Ashenzari's Boredom (left tentacle) {Will+, Melee, Bglg}
   (You found it on level 2 of the Dungeon)

   [ring of willpower]

   Will+:     It increases your willpower.
   It has a curse which improves the following skills: Melee Combat: Short
   Blades, Long Blades, Axes, Maces & Flails, Polearms, Staves and Unarmed
   Combat.
   Beguiling: Conjurations, Hexes and Translocations.
 q - the cursed ring of the All-seeing Regret (on tentacle) {Wiz, Cun, Alch}
   (You found it on level 3 of the Dungeon)

   [ring of wizardry]

   Wiz:       It improves your spell success rate.
   It has a curse which improves the following skills: Cunning: Dodging and
   Stealth.
   Alchemy:   Poison Magic and Transmutations.
 r - a ring of willpower (right tentacle)
 u - the cursed ring of the Stellar Servitude (on tentacle) {EV+5, Elem, Range}
   (You took it off a kobold on level 4 of the Dungeon)

   [ring of evasion]

   EV+5:      It affects your evasion (+5).
   It has a curse which improves the following skills: Elements: Fire Magic, Ice
   Magic, Air Magic and Earth Magic.
   Ranged Combat: Ranged Weapons and Throwing.
 E - an amulet of the acrobat (around mantle)
 G - the cursed ring of Ashenzari's Adversity (on tentacle) {EV+5, Elem, Alch}
   (You found it on level 8 of the Dungeon)

   [ring of evasion]

   EV+5:      It affects your evasion (+5).
   It has a curse which improves the following skills: Elements: Fire Magic, Ice
   Magic, Air Magic and Earth Magic.
   Alchemy:   Poison Magic and Transmutations.
 H - the cursed ring of Ouranomancy (on tentacle) {Dex+6, Self, Comp}
   (You found it on level 8 of the Dungeon)

   [ring of dexterity]

   Dex+6:     It affects your dexterity (+6).
   It has a curse which improves the following skills: Introspection: Fighting
   and Spellcasting.
   Companions: Summonings and Necromancy.
 I - a +4 ring of protection (on tentacle)
 K - a +6 ring of intelligence (on tentacle)
 M - a ring of positive energy
Talismans
 d - a flux talisman
 x - a beast talisman (active)
 B - a maw talisman
 O - a serpent talisman
 T - a blade talisman
Wands
 f - a wand of digging (8)
 y - a wand of flame (29)
 F - a wand of paralysis (14)
 J - a wand of iceblast (13)
 Z - a wand of mindburst (6)
Scrolls
 e - a scroll of vulnerability
 i - 2 scrolls of revelation
 k - 4 scrolls of blinking
 m - a scroll of noise
 n - 2 scrolls of fear
 z - 3 scrolls of teleportation
 P - 2 scrolls of fog
 Q - a scroll of torment
 W - a scroll of butterflies
Potions
 g - 4 potions of curing
 j - a potion of ambrosia
 o - 3 potions of attraction
 v - 2 potions of enlightenment
 w - 2 potions of mutation
 U - a potion of resistance
 Y - a potion of magic


   Skills:
 + Level 10.0(11.1) Fighting
 + Level 9.8(10.9) Short Blades
 + Level 9.6(10.8) Dodging
 + Level 14.4(15.5) Stealth
 * Level 7.7(8.9) Spellcasting
 * Level 7.7 Shapeshifting


You had 9 spell levels left.
You knew the following spells:

 Your Spells              Type           Power      Damage    Failure   Level
a - Blink                 Tloc           20%        N/A       4%          2
b - Ensorcelled Hibernat  Hex/Ice        20%        N/A       4%          2
c - Confusing Touch       Hex            10%        N/A       8%          3
d - Mephitic Cloud        Conj/Pois/Air  10%        N/A       8%          3
e - Ozocubu's Armour      Ice            10%        N/A       8%          3
f - Swiftness             Air            10%        N/A       8%          3
g - Dispel Undead         Necr           10%        3d9       26%         4

Your spell library contained the following spells:

 Spells                   Type           Power      Damage    Failure   Level
 Kiss of Death            Conj/Necr      40%        2d8       2%          1
 Magic Dart               Conj           40%        1d5       2%          1
 Call Imp                 Summ           20%        N/A       4%          2
 Cigotuvi's Dreadful Rot  Necr/Pois/Air  20%        N/A       4%          2
 Jinxbite                 Hex            20%        N/A       4%          2
 Lesser Beckoning         Tloc           20%        N/A       4%          2
 Momentum Strike          Conj/Tloc      20%        3d8       4%          2
 Passwall                 Tmut/Erth      8%         N/A       4%          2
 Sublimation of Blood     Necr           10%        N/A       4%          2
 Dazzling Flash           Conj/Hex       20%        N/A       8%          3
 Gell's Gravitas          Tloc           10%        N/A       8%          3
 Ignite Poison            Fire/Tmut/Pois 10%        N/A       8%          3
 Teleport Other           Tloc           10%        N/A       8%          3
 Volatile Blastmotes      Fire/Tloc      20%        2d11      8%          3
 Petrify                  Tmut/Erth      10%        N/A       24%         4
 Anguish                  Hex/Necr       5%         N/A       26%         4
 Animate Dead             Necr           10%        N/A       26%         4
 Cause Fear               Hex            5%         N/A       26%         4
 Fulminant Prism          Conj/Hex       5%         3d7       26%         4
 Iskenderun's Mystic Bla  Conj/Tloc      10%        2d4       26%         4
 Agony                    Necr           10%        N/A       54%         5
 Freezing Cloud           Conj/Ice/Air   5%         6-21      54%         5
 Irradiate                Conj/Tmut      5%         3d13      54%         5
 Metabolic Englaciation   Hex/Ice        5%         N/A       54%         5
 Silence                  Hex/Air        5%         N/A       54%         5
 Simulacrum               Ice/Necr       5%         N/A       98%         6
 Enfeeble                 Hex            5%         N/A       100%        7
 Haunt                    Necr/Summ      5%         N/A       100%        7
 Infestation              Necr           5%         N/A       100%        8


Dungeon Overview and Level Annotations

Branches:
Dungeon (13/15)            Temple (0/1) D:7            Lair (1/5) D:11
    Orc (2/2) D:10            Elf (0/3) Orc:2
 Vaults: D:13-14

Altars:
Ashenzari
Okawaru
Vehumet
Zin

Shops:
D:3 =?[[[   D:7 *

Portals:
Abyss: D:3

Annotations:
D:10 5 transporters
D:12 3 runed translucent doors
D:13 Rupert


Innate Abilities, Weirdness & Mutations

You are a hulking beast.
Your limbs bulge with bestial killing power. (Slay +4)
You cannot wear most types of armour.
You are amphibious.
You can wear up to eight rings at the same time.
Your skin changes colour to match your surroundings (Stealth+).
Your rubbery body absorbs attacks. (AC +1, EV +1)
((You are camouflaged when in or above water. (Stealth+)))
You have tentacles for arms and can constrict up to eight enemies at once.


Message History

You hit the catoblepas but do no damage.
Lightning courses through the catoblepas!!
You squeeze the catoblepas, but do no damage.
The catoblepas is severely wounded.
Casting: Confusing Touch (dangerous; 8% risk of failure)
Confirm with . or Enter, or press ? or * to list all spells.
Your tentacles begin to glow red.
The catoblepas completely misses you.
You hit the catoblepas but do no damage.
You squeeze the catoblepas!
The catoblepas is almost dead.
The catoblepas misses you.
You hit the catoblepas but do no damage.
The catoblepas is almost dead.
You hit the catoblepas but do no damage.
The catoblepas is almost dead.
The catoblepas completely misses you.
You completely miss the catoblepas.
You squeeze the catoblepas, but do no damage.
The catoblepas is almost dead.
You hit the catoblepas but do no damage.
The catoblepas is almost dead.
The catoblepas breathes a plume of calcifying dust at you.
The blast of calcifying dust hits you. The catoblepas completely misses you.
You barely miss the catoblepas. Your squeeze misses the catoblepas.
The catoblepas is almost dead.
You hit the catoblepas but do no damage.
The catoblepas is almost dead.
The catoblepas gores you!!
You completely miss the catoblepas. You squeeze the catoblepas.
The catoblepas is almost dead.
You hit the catoblepas but do no damage.
The catoblepas is almost dead.
The catoblepas breathes a plume of calcifying dust at you.
The blast of calcifying dust hits you. The catoblepas gores you!!
* * * LOW HITPOINT WARNING * * *
The catoblepas attacks as it pursues you!
The catoblepas gores you!!
You die...

..... .#..#.#
........
##.......####
#...........##
...........# ##
..........###..#.
..# #..............
...#
##.##.Yh......#
#..###..#..........
##...#...§§........
......#..§.........
##.....#§##.......
#.......##.§.....
##......#...§...# #
###...#..#..#.§.##
# ##
#..............§# #


You could see a catoblepas.

Vanquished Creatures
  A boulder beetle (D:10)
  A centaur warrior (D:10)
  3 two-headed ogres
  3 skeletal warriors
  An orc knight (D:10)
  Pikel (D:7)
  A wolf spider (D:10)
  2 ugly things
  A black mamba (Lair:1)
  A black mamba (shapeshifter) (D:10)
  3 gargoyles
  Jeremiah (D:7)
  2 cane toads (Lair:1)
  An unseen horror (D:11)
  A freezing wraith (D:10)
  2 komodo dragons
  6 trolls
  A tengu conjurer (D:10)
  A polar bear (shapeshifter) (D:10)
  3 hornets
  A slime creature (D:10)
  Sigmund (D:6)
  A wraith (D:10)
  3 shadows
  23 yaks
  Eustachio (D:4)
  3 wyverns
  2 basilisks
  4 steam dragons
  A vampire mosquito (D:10)
  2 acid dragons (D:12)
  Menkaure (D:6)
  A small abomination (D:3)
  4 water moccasins
  A black bear (D:7)
  2 ice beasts
  A sky beast (D:8)
  12 orc warriors
  The ghost of GreenGuy14 the Trooper, an amateur DrMo (D:3)
  6 ogres
  7 wolves (Lair:1)
  3 lemures (D:7)
  6 centaurs
  A phantom (D:6)
  Blork the orc (D:6)
  8 kobold brigands
  8 bullfrogs
  9 gnoll sergeants
  A scorpion (D:11)
  11 killer bees
  5 howler monkeys
  6 hounds
  9 orc priests
  4 iguanas
  20 orc wizards
  4 hell rats (Lair:1)
  Ijyb (D:4)
  Robin (D:4)
  16 gnolls
  7 adders
  A shadow imp (D:3)
  A white imp (D:7)
  2 ufetubi
  3 worms
  2 dart slugs
  45 orcs
  3 ball pythons
  12 endoplasms
  4 giant cockroaches
  11 goblins
  5 hobgoblins
  7 jackals
  A quokka (D:3)
  6 bats
  5 frilled lizards
  18 kobolds
  3 rats
364 creatures vanquished.

Notes
Turn   | Place    | Note
-------+----------+-------------------------------------------
     0 | D:5      | croobank the Octopode Delver began the quest for the Orb.
     0 | D:5      | Reached XP level 1. HP: 16/16 MP: 1/1
    48 | D:6      | Noticed a steam dragon
   137 | D:5      | Noticed a hound
   140 | D:5      | Noticed an ogre
   149 | D:5      | Killed a hound
   150 | D:5      | Reached XP level 2. HP: 15/21 MP: 2/2
   150 | D:5      | Reached XP level 3. HP: 19/26 MP: 3/3
   199 | D:5      | Reached skill level 7 in Stealth
   199 | D:5      | Reached XP level 4. HP: 27/31 MP: 4/4
   295 | D:5      | Noticed a water moccasin
   323 | D:5      | Noticed a water moccasin
   350 | D:5      | Noticed an ogre
   357 | D:5      | Killed an ogre
   358 | D:5      | Reached XP level 5. HP: 18/37 MP: 5/5
   451 | D:3      | Found Baclor's Jewellery Shoppe.
   469 | D:3      | Found Lunarri's Magic Scroll Shoppe.
   531 | D:3      | Found Defih's Antique Armour Boutique.
   562 | D:3      | Noticed a small abomination
   598 | D:3      | Found a one-way gate to the infinite horrors of the Abyss.
   598 | D:3      | Noticed GreenGuy14's ghost (amateur DrMo)
   650 | D:2      | HP: 1/37 [orc/+0 hand axe (5)]
  1200 | D:1      | Learned a level 2 spell: Blink
  2111 | D:3      | Reached XP level 6. HP: 37/43 MP: 6/6
  2161 | D:3      | Found Amimewae's Armour Shoppe.
  2163 | D:3      | Found Ameroud's Armour Boutique.
  2337 | D:3      | Found a transporter.
  2367 | D:3      | Found a transporter.
  2600 | D:4      | Noticed Robin
  2666 | D:4      | Killed Robin
  2844 | D:4      | Reached skill level 8 in Stealth
  3104 | D:4      | Noticed Eustachio
  3115 | D:4      | Killed Eustachio
  3116 | D:4      | Reached XP level 7. HP: 35/49 MP: 7/7
  3326 | D:4      | Noticed Ijyb
  3333 | D:4      | Killed Ijyb
  3584 | D:5      | Reached skill level 5 in Fighting
  3775 | D:5      | Reached skill level 9 in Stealth
  3775 | D:5      | Reached XP level 8. HP: 55/55 MP: 8/8
  4023 | D:5      | Reached skill level 5 in Short Blades
  4310 | D:5      | Reached skill level 5 in Dodging
  4412 | D:5      | Found a broken altar of Ashenzari.
  4415 | D:5      | Found an iron altar of Okawaru.
  4418 | D:5      | Found a glowing silver altar of Zin.
  4421 | D:5      | Found a radiant altar of Vehumet.
  4431 | D:5      | Became a worshipper of Ashenzari the Shackled
  4726 | D:6      | Reached skill level 10 in Stealth
  5325 | D:6      | Noticed Blork the orc
  5336 | D:6      | Killed Blork the orc
  5337 | D:6      | Reached XP level 9. HP: 63/63 MP: 9/9
  5482 | D:6      | Noticed a hornet
  5496 | D:6      | Learned a level 2 spell: Ensorcelled Hibernation
  5509 | D:6      | Killed a hornet
  5778 | D:6      | Noticed Sigmund
  5791 | D:6      | Killed Sigmund
  5858 | D:6      | Noticed Menkaure
  5870 | D:6      | Killed Menkaure
  6255 | D:6      | Reached skill level 11 in Stealth
  6472 | D:7      | Noticed Jeremiah
  6484 | D:7      | Killed Jeremiah
  6969 | D:7      | Found Xyxzocah's General Store.
  7041 | D:7      | Bought a scroll of noise for 12 gold pieces
  7041 | D:7      | Bought a potion of attraction for 36 gold pieces
  7070 | D:7      | Found a staircase to the Ecumenical Temple.
  7074 | D:7      | Reached XP level 10. HP: 71/71 MP: 10/10
  7449 | D:7      | Reached * piety under Ashenzari
  7549 | D:7      | Noticed Pikel
  7553 | D:7      | Killed Pikel
  7554 | D:7      | Reached skill level 12 in Stealth
  8340 | D:8      | Reached skill level 1 in Spellcasting
  8340 | D:8      | Reached skill level 1 in Shapeshifting
  9232 | D:9      | Reached ** piety under Ashenzari
  9742 | D:10     | Entered Level 10 of the Dungeon
  9988 | D:9      | Reached XP level 11. HP: 54/80 MP: 17/17
 10265 | D:10     | Noticed a two-headed ogre
 10290 | D:10     | Found a transporter.
 10296 | D:10     | Found a transporter.
 10297 | D:10     | Found a transporter.
 10302 | D:10     | Killed a two-headed ogre
 10627 | D:10     | Reached skill level 13 in Stealth
 10732 | D:10     | Noticed an orc knight
 10735 | D:10     | Noticed a boulder beetle
 10743 | D:9      | Learned a level 3 spell: Confusing Touch
 10800 | D:10     | Killed an orc knight
 10817 | D:10     | Killed a boulder beetle
 11033 | D:10     | Noticed a cyclops
 11044 | D:10     | Noticed a red ugly thing
 11069 | D:10     | Noticed a centaur warrior
 11125 | D:10     | Reached skill level 5 in Shapeshifting
 11193 | D:10     | Killed a red ugly thing
 11194 | D:10     | Reached skill level 5 in Spellcasting
 11283 | D:10     | Killed a centaur warrior
 11587 | D:10     | Reached XP level 12. HP: 75/87 MP: 20/22
 11940 | D:10     | Found a staircase to the Orcish Mines.
 12057 | Orc:1    | Entered Level 1 of the Orcish Mines
 12240 | Orc:1    | You fall into a shaft and drop 1 floor!
 12240 | Orc:2    | Entered Level 2 of the Orcish Mines
 12465 | Orc:1    | Noticed an ettin
 12981 | D:10     | Found a transporter.
 12981 | D:10     | Found a transporter.
 12992 | D:10     | Found a transporter.
 13483 | D:11     | Found a staircase to the Lair.
 13876 | D:3      | Bought a scroll of immolation for 56 gold pieces
 13876 | D:3      | Bought a scroll of butterflies for 56 gold pieces
 13876 | D:3      | Bought a scroll of enchant weapon for 105 gold pieces
 13988 | D:3      | Learned a level 3 spell: Mephitic Cloud
 13992 | D:3      | Learned a level 3 spell: Ozocubu's Armour
 13996 | D:3      | Learned a level 3 spell: Swiftness
 14028 | D:3      | Killed GreenGuy14's ghost
 14098 | D:3      | Bought a +4 ring of protection for 468 gold pieces
 14228 | D:11     | Noticed a two-headed ogre
 14235 | D:11     | Killed a two-headed ogre
 14279 | D:11     | Reached skill level 14 in Stealth
 14455 | D:11     | Noticed a two-headed ogre
 14462 | D:11     | Killed a two-headed ogre
 14941 | D:12     | Found a runed translucent gate.
 14941 | D:12     | Found a runed translucent gate.
 14941 | D:12     | Found a runed translucent gate.
 14974 | D:12     | an orb spider changed into a two-headed ogre
 14974 | D:12     | Noticed a two-headed ogre (glowing shapeshifter)
 14975 | D:12     | a two-headed ogre changed into a glowing orange brain
 14983 | D:12     | a glowing orange brain changed into a shock serpent
 14983 | D:12     | Noticed a shock serpent (glowing shapeshifter)
 15100 | D:13     | Noticed Rupert
 15109 | D:13     | Learned a level 4 spell: Dispel Undead
 15588 | D:12     | Reached XP level 13. HP: 27/95 MP: 7/25
 16594 | Lair:1   | Entered Level 1 of the Lair of Beasts
 16893 | Lair:1   | Reached skill level 10 in Fighting
 17239 | Lair:1   | Mangled by a catoblepas

Illustrated notes

Levels and vault maps discovered:
D:1:      heliophobic_arrival_glass_houses, layout_rooms
D:2:      layout_basic
D:3:      layout_rooms, gammafunk_ghost_abyssal_escape, serial_shops,
          nicolae_shop_dealshenge, nicolae_shop_tiny_glass, shop,
          nicolae_shop_hallway_stairs, nicolae_shop_tiny_waterfront
D:4:      layout_loops_ring, serial_aquarium, aquarium_bridge_square
          [aquarium_subvault_bridge, aquarium_subvault_bridge,
          aquarium_subvault_window, aquarium_subvault_wall],
          aquarium_window_fake, aquarium_window_double, aquarium_view_2c,
          uniq_robin, uniq_eustachio, uniq_ijyb
D:5:      layout_basic, grunt_temple_overflow_cloverleaf, serial_aquarium,
          aquarium_bridge_long_separate [aquarium_subvault_window,
          aquarium_subvault_bridge, aquarium_subvault_wall,
          aquarium_subvault_wall, aquarium_subvault_bridge,
          aquarium_subvault_bridge], aquarium_window_2, aquarium_window_2,
          aquarium_view_2b, cheibrodos_gnoll_hut
D:6:      layout_loops_cross, cheibrodos_sewer_entry_bend,
          corexii_leaking_fountain, uniq_blork_the_orc, uniq_sigmund,
          uniq_menkaure
D:7:      layout_basic, minmay_temple_entry_steel_oval, serial_shops, shop,
          uniq_pikel, uniq_jeremiah
D:8:      layout_gridville
D:9:      layout_roguey
D:10:     minmay_the_grid_four_pointed_star
          [minmay_the_grid_triangle_9x9_windchime,
          minmay_the_grid_triangle_9x9_from_above,
          minmay_the_grid_triangle_9x9_negative_grid,
          minmay_the_grid_triangle_9x9_zippers_horizontal,
          minmay_the_grid_prize_four_corners], layout_stronghold,
          kennysheep_orc_monster_closet_entryway, serial_nicolae_subway,
          nicolae_sub_station_crystal, nicolae_sub_station_metal,
          nicolae_sub_station_stone
D:11:     layout_rooms, grunt_lair_entry_orc_guard_hut, eino_tiny_chamber
D:12:     layout_basic, ploomutoo_gammafunk_ghost_potion_laboratory
D:13:     layout_roguey, erik_vaults_2, dilly_guarded_unrand_elemental_staff,
          uniq_rupert
Lair:1:   layout_misc_corridors, nzn_sisyphean_effort
Orc:1:    layout_caves, mines5_lemuel
Orc:2:    st_orc_congregation, layout_diamond_mine

Skill      XL: |  1  2  3  4  5  6  7  8  9 10 11 12 13 |
---------------+----------------------------------------+-----
Stealth        | 7 8 9 10 11 12 13 14 | 14.4
Short Blades   | 3 4 5 7 8 9 |  9.8
Dodging        | 3 4 5 7 8 9 |  9.6
Fighting       | 4 5 6 7 8 9 10 | 10.0
Spellcasting   | 3 5 7 |  7.7
Shapeshifting  | 3 5 7 |  7.7

Action                     |  1- 3 |  4- 6 |  7- 9 | 10-12 | 13-15 || total
---------------------------+-------+-------+-------+-------+-------++-------
  Melee: Short sword       |    13 |   153 |     1 |       |       ||   167
         Constrict         |     2 |    30 |    34 |    96 |    11 ||   173
         Tentacles         |     2 |    37 |    45 |   216 |    30 ||   330
         Punch             |       |     1 |     5 |    11 |     1 ||    18
         Dagger            |       |       |   207 |   715 |    85 ||  1007
   Fire: Orcbow            |       |       |       |    30 |       ||    30
  Throw: Dart              |       |       |     5 |     9 |     3 ||    17
   Cast: Ensorcelled Hiber |       |       |     2 |     3 |       ||     5
         Confusing Touch   |       |       |       |    19 |    13 ||    32
         Blink             |       |       |       |     2 |       ||     2
         Dispel Undead     |       |       |       |     6 |       ||     6
         Ozocubu's Armour  |       |       |       |     2 |       ||     2
         Swiftness         |       |       |       |     1 |       ||     1
 Invoke: Curse Item        |       |       |     1 |     4 |       ||     5
  Evoke: Wand              |       |     2 |     3 |    14 |       ||    19
    Use: Scroll            |     1 |     6 |     9 |    13 |     1 ||    30
         Potion            |       |     1 |     3 |     5 |       ||     9
   Stab: Sleeping          |     1 |    22 |    13 |    27 |     3 ||    66
         Distracted        |       |     2 |       |     4 |       ||     6
         Confused          |       |       |       |     8 |     4 ||    12
         Paralysed         |       |       |       |     2 |       ||     2
 Armour: Skin              |     6 |    58 |    89 |   132 |    16 ||   301
  Dodge: Dodged            |    10 |    74 |   114 |   575 |    52 ||   825
   Form: Beast             |       |     1 |       |       |       ||     1

Table legend: (Time is in decaauts)
 A = Elapsed time spent in this place.
 B = Non-inter-level travel time spent in this place.
 C = Inter-level travel time spent in this place.
 D = Time resting spent in this place.
 E = Time spent auto-exploring this place.
 F = Levels seen in this place.
 G = Mean time per level.
                   A        B        C        D        E       F      G
               +--------+--------+--------+--------+--------+-----+--------+
         Total |  16757 |  15729 |   1028 |   4909 |   7097 |  16 | 1047.3 |
       Dungeon |  15660 |  14632 |   1028 |   4412 |   6974 |  13 | 1204.6 |
          Lair |    607 |    607 |      0 |    383 |     47 |   1 |  607.0 |
  Orcish Mines |    489 |    489 |      0 |    114 |     76 |   2 |  244.5 |
               +--------+--------+--------+--------+--------+-----+--------+

Top non-repeatable levels by time:
    D:10: 2352 daAuts
     D:6: 2155 daAuts
     D:5: 1733 daAuts
     D:9: 1498 daAuts
    D:12: 1298 daAuts
     D:7: 1143 daAuts
     D:2: 1071 daAuts
    D:11: 1005 daAuts
     D:8: 979 daAuts
     D:4: 914 daAuts
     D:3: 791 daAuts
  Lair:1: 607 daAuts
   Orc:1: 477 daAuts
     D:1: 439 daAuts
    D:13: 275 daAuts
